 Seeded DCSS version 0.28-a0-1624-g820543e53a (webtiles) character file.

Game seed: 8658589457182645627 (custom seed)

73 innerfire433 the Ducker (level 4, -6/35 HPs)
             Began as a Djinni Monk on Jan 23, 2022.
             Was an Elder of Elyvilon.
             Mangled by a killer bee zombie (7 damage)
             ... on level 3 of the Dungeon.
             The game lasted 00:03:55 (3592 turns).

innerfire433 the Ducker (Djinni Monk)               Turns: 3592, Time: 00:03:55

Health: -6/35      AC:  2    Str: 12    XL:     4   Next: 51%
Gold:   170        EV: 13    Int: 18    God:    Elyvilon [****..] SH:  0 Dex: 15

rFire   + + .      SeeInvis .   a - +0 falchion
rCold   x . .      Faith    .   (no shield)
rNeg    . . .      Spirit   .   b - +0 robe
rPois   ∞          Reflect  .   (no helmet)
rElec   .          Harm     .   (no cloak)
rCorr   .          Rampage  .   (no gloves)
Will    .....                   (boots unavailable)
Stlth   ++........              (no amulet)
HPRegen 0.11/turn               h - +6 ring of intelligence
MPRegen 0.00/turn               (no ring)

@: flying
A: sickness immunity, fire resistance 2, cold vulnerability 1, float, innate
caster, hp casting, extra vitality 1
a: Renounce Religion, Purification, Heal Other, Heal Self


You were on level 3 of the Dungeon.
You worshipped Elyvilon.
Elyvilon was greatly pleased with you.
You visited 1 branch of the dungeon, and saw 3 of its levels.

You collected 170 gold pieces.

Inventory:

Hand Weapons
 a - a +0 falchion (weapon)
Armour
 b - a +0 robe (worn)
 l - a +0 pair of boots
Jewellery
 h - a +6 ring of intelligence (left hand)
Scrolls
 c - 2 scrolls of teleportation {unknown}
 d - 2 scrolls of enchant armour {unknown}
 g - 2 scrolls of identify {unknown}
 i - a scroll of fog {unknown}
 j - 2 scrolls of fear {unknown}
Potions
 e - 2 potions of flight {unknown}
 f - a potion of degeneration {unknown}
 k - a potion of lignification {unknown}


   Skills:
 + Level 3.5 Fighting
 + Level 3.2 Long Blades
 + Level 3.9 Dodging
 + Level 2.3 Stealth


You had 2 spell levels left.
You knew the following spells:

 Your Spells              Type           Power      Damage    Failure   Level
a - Freeze                Ice            0%         1d3       22%         1
Your spell library was empty.

Dungeon Overview and Level Annotations

Branches:
Dungeon (3/15)

Altars:
Elyvilon
Fedhas

Annotations:
D:3 1 runed translucent door, Crazy Yiuf; fragbeetle's ghost, weakling MfIE


Innate Abilities, Weirdness & Mutations

You are immune to sickness and miasma.
You are immune to poison.
Your flesh is very heat resistant. (rF++)
You are vulnerable to cold. (rC-)
You float through the air rather than walking.
You learn spells naturally, not from books.
Your magical power is your life essence.
You have superior vitality. (+4 MHP)


Message History

A frilled lizard is nearby!
The helpless frilled lizard fails to defend itself.
You hit the frilled lizard.
You kill the frilled lizard!
No target in view!
You see here a frilled lizard corpse.
There is an open door here.
You reach down and open the door.
There is an open door here.
There is an open door here.
You reach down and open the door.
There is an open door here.
Fragbeetle's ghost turns its malevolent gaze towards you.
Could not explore, unopened runed door.
No reachable target in view!
You aren't carrying any items that you can evoke.
You reach down and open the gate.
The killer bee zombie hits you. The killer bee zombie misses you.
The bullfrog skeleton hits you.
The killer bee zombie closely misses you.
The killer bee zombie hits you.
The killer bee zombie barely misses you.
The killer bee zombie hits you.
The killer bee zombie barely misses you.
The killer bee zombie barely misses you.
The killer bee zombie completely misses you.
You barely miss the killer bee zombie. The killer bee zombie hits you. x2
You closely miss the killer bee zombie. The killer bee zombie hits you.
The killer bee zombie barely misses you.
You hit the killer bee zombie.
The killer bee zombie is lightly damaged.
The killer bee zombie hits you.
* * * LOW HITPOINT WARNING * * *
The killer bee zombie hits you.
* * * LOW HITPOINT WARNING * * *
You hit the killer bee zombie.
The killer bee zombie is moderately damaged.
The killer bee zombie hits you.
* * * LOW HITPOINT WARNING * * *
The killer bee zombie hits you!
You die... .##.......###.....# #.####...# ##.........##.....######......... .'.........'..................... ##.........####...#######.###...# ###.......## #...# #.###..## # ##.....## #.#.# #.##..### # ##...## #ZWZ#

#.##.## # # #....#
##Z## #.##.# # #
#..#.# #@#
#.##.#### # #..#.#
#.# #........ #
#..#.#######.#
####.####
##............#
####.###
####.....#########
#......#
.........#
#.##.#.##
####.#..##
#.##..... #....#
#.####.## ######
#.# #.#


You could see fragbeetle's ghost, a killer bee zombie, a water moccasin skeleton
and a bullfrog skeleton.

Vanquished Creatures
  Jessica (D:3)
  An adder (D:2)
  2 dart slugs (D:2)
  An orc (D:3)
  3 endoplasms (D:2)
  2 giant cockroaches (D:2)
  A goblin (D:1)
  5 hobgoblins
  2 jackals (D:3)
  5 ball pythons
  A bat (D:3)
  3 frilled lizards
  4 kobolds
  4 rats
35 creatures vanquished.

Notes
Turn   | Place    | Note
-------+----------+-------------------------------------------
     0 | D:1      | innerfire433 the Djinni Monk began the quest for the Orb.
     0 | D:1      | Reached XP level 1. HP: 20/20 MP: 0/0
   854 | D:1      | Found a faded altar of an unknown god.
  1021 | D:1      | Prayed at the altar of an unknown god.
  1021 | D:1      | Became a worshipper of Elyvilon the Healer
  1021 | D:1      | Reached * piety under Elyvilon
  1021 | D:1      | Reached ** piety under Elyvilon
  1056 | D:2      | Reached XP level 2. HP: 23/25 MP: 0/0
  1278 | D:2      | Reached *** piety under Elyvilon
  1280 | D:2      | Found a blossoming altar of Fedhas.
  1616 | D:2      | Reached XP level 3. HP: 14/30 MP: 0/0
  1616 | D:2      | Learned a level 1 spell: Freeze
  2382 | D:3      | Noticed Jessica
  2398 | D:3      | Killed Jessica
  2399 | D:3      | Reached XP level 4. HP: 21/35 MP: 0/0
  2581 | D:3      | Found a runed translucent gate.
  2581 | D:3      | Found a runed translucent gate.
  2582 | D:3      | Found a runed translucent gate.
  2946 | D:3      | Reached **** piety under Elyvilon
  3214 | D:3      | Found a runed translucent door.
  3215 | D:3      | Noticed Crazy Yiuf
  3576 | D:3      | Noticed fragbeetle's ghost (weakling MfIE)
  3592 | D:3      | HP: 1/35 [killer bee zombie (2)]
  3592 | D:3      | Mangled by a killer bee zombie

Illustrated notes

Levels and vault maps discovered:
D:1:      dpeg_arrival_leaves_temple_mockup, layout_loops_ring,
          ebering_ecumenical_altar_hall
D:2:      layout_loops_ring, basic_altar
D:3:      layout_loops_corners, gammafunk_ghost_necromancy, uniq_jessica,
          uniq_crazy_yiuf_cottage

Skill      XL: |  1  2  3 |
---------------+----------+-----
Long Blades    | 3 |  3.2
Stealth        | 2 |  2.3
Fighting       | |  3.5
Dodging        | |  3.9

Action                   |  1- 3 |  4- 6 || total
-------------------------+-------+-------++-------
Melee: Falchion          |    98 |    27 ||   125
 Cast: Freeze            |     2 |       ||     2
 Stab: Sleeping          |     1 |     3 ||     4
Armor: Robe              |    17 |     2 ||    19
Dodge: Dodged            |    63 |    28 ||    91

Table legend: (Time is in decaauts)
 A = Elapsed time spent in this place.
 B = Non-inter-level travel time spent in this place.
 C = Inter-level travel time spent in this place.
 D = Time resting spent in this place.
 E = Time spent auto-exploring this place.
 F = Levels seen in this place.
 G = Mean time per level.
                   A        B        C        D        E       F      G
               +--------+--------+--------+--------+--------+-----+--------+
         Total |   3609 |   3327 |    282 |      0 |   2950 |   3 | 1203.0 |
       Dungeon |   3609 |   3327 |    282 |      0 |   2950 |   3 | 1203.0 |
               +--------+--------+--------+--------+--------+-----+--------+

Top non-repeatable levels by time:
     D:3: 1373 daAuts
     D:2: 1184 daAuts
     D:1: 1052 daAuts
